 Dungeon Crawl Stone Soup version 0.30.1-1-g62c8e00024 (webtiles) character file.

Game seed: 13731485848611673302

36 LynnLen the Sneak (level 3, -26/17 HPs)
             Began as a Spriggan Enchanter on July 15, 2023.
             Engulfed by a cloud of flame (27 damage)
             ... on level 1 of the Dungeon.
             The game lasted 00:05:52 (1225 turns).

LynnLen the Sneak (Spriggan Enchanter)              Turns: 1225, Time: 00:05:53

Health: -26/17     AC:  2    Str:  4    XL:     3   Next: 19%
Magic:  8/8        EV: 18    Int: 16    God:
Gold:   83         SH:  5    Dex: 17    Spells: 0/8 levels left

rFire   . . .        a - +1 dagger
rCold   . . .        (no shield)
rNeg    . . .        b - +0 robe
rPois   .            (helmet restricted)
rElec   .            (no cloak)
rCorr   .            (gloves unavailable)
SInv    +            (boots unavailable)
Will    .....        h - amulet of reflection
Stlth   +++          (no ring)
HPRegen 0.22/turn    (no ring)
MPRegen 0.11/turn

%: reflection
@: very quick
A: very small, no large weapons, unfitting armour, see invisible, speed 3
a: no special abilities


You were on level 1 of the Dungeon.
You visited 1 branch of the dungeon, and saw 1 of its levels.

You collected 83 gold pieces.

Inventory:

Hand Weapons
 a - a +1 dagger (weapon)
Armour
 b - a +0 robe (worn)
Jewellery
 h - an amulet of reflection (around neck)
Scrolls
 e - 3 scrolls of teleportation {unknown}
 f - a scroll of noise {unknown}
 g - 2 scrolls of poison {unknown}
Potions
 c - 2 potions of invisibility
 d - 2 potions of heal wounds {unknown}
 i - a potion of curing {unknown}


   Skills:
 + Level 0.5 Fighting
 + Level 1.5 Short Blades
 + Level 3.0 Dodging
 * Level 5.3 Stealth
 + Level 3.0 Spellcasting
 + Level 3.8 Hexes


You couldn't memorise any spells.
You knew the following spells:

 Your Spells              Type           Power      Damage    Failure   Level
a - Ensorcelled Hibernat  Hex/Ice        16%        N/A       13%         2
b - Confusing Touch       Hex            14%        N/A       12%         3
c - Tukima's Dance        Hex            14%        N/A       12%         3

Your spell library contained the following spells:

 Spells                   Type           Power      Damage    Failure   Level
 Beastly Appendage        Tmut           4%         N/A       19%         1
 Dazzling Flash           Conj/Hex       16%        N/A       26%         3
 Wereblood                Tmut           2%         N/A       28%         2
 Spider Form              Tmut/Pois      2%         N/A       50%         3


Dungeon Overview and Level Annotations

Branches:
Dungeon (1/15)

Altars:


Innate Abilities, Weirdness & Mutations

You are very small and have problems with some larger weapons.
You are too small for most types of armour.
You have supernaturally acute eyesight. (SInv)
You cover ground extremely quickly. (Speed+++)


Message History

You kill the rat!
You block the frilled lizard's attack.
The frilled lizard completely misses you.
You hit the frilled lizard but do no damage.
You block the frilled lizard's attack.
You miss the frilled lizard. The frilled lizard barely misses you.
You closely miss the frilled lizard. The frilled lizard barely misses you.
You hit the frilled lizard.
You kill the frilled lizard!
Really walk into that cloud of flame? [Y]es or [N]o only, please.
Really walk into that cloud of flame? [Y]es or [N]o only, please.
Really walk into that cloud of flame? [Y]es or [N]o only, please.
Really walk into that cloud of flame?
Okay, then.
You now have 72 gold pieces (gained 8).
i - a golden potion You hit the bush but do no damage.
The bush is lightly damaged.
Items here: ( )) †.
Items here: ( ) ††.
Items here: ( )) †.
Partly explored, can't reach some items.
Partly explored, can't reach some items.
Partly explored, can't reach some items.
Items here: ( )) †.
Items here: ( ) ††.
Items here: ( )) †.
Really walk into that cloud of flame?
Really walk into a travel-excluded area?
You are engulfed in blazing flames.
Ouch! That really hurt!
* * * LOW HITPOINT WARNING * * *
You see here 11 gold pieces.
You now have 83 gold pieces (gained 11).
You are engulfed in blazing flames.
Ouch! That really hurt!
You die...

#.PP♣♣ ####...####.
♣♣#P.#.♣ #...........
#PP...##♣#...........
#P.....P♣###.....####
##.###PP♣ ##...##
♣P#...PP♣ #..##
#......P♣ #..#
#.....÷~#####..#
♣...@...♣#.....#
#♣.......♣#####.#
#PP.......#####.#
#PPP÷..##.##....#
#P♣.P..P♣♣##.####
#####.### #.#########
#.).# #......)...
###)# ##########. #.#
#.


There were no monsters in sight!

Vanquished Creatures
  2 dart slugs (D:1)
  2 ball pythons (D:1)
  A bat (D:1)
  6 endoplasms (D:1)
  A giant cockroach (D:1)
  2 hobgoblins (D:1)
  7 kobolds (D:1)
  2 quokkas (D:1)
  3 frilled lizards (D:1)
  2 rats (D:1)
28 creatures vanquished.

Notes
Turn   | Place    | Note
-------+----------+-------------------------------------------
     0 | D:1      | LynnLen the Spriggan Enchanter began the quest for the Orb.
     0 | D:1      | Reached XP level 1. HP: 9/9 MP: 5/5
   320 | D:1      | Reached XP level 2. HP: 5/13 MP: 6/6
   424 | D:1      | Reached skill level 5 in Stealth
   440 | D:1      | Learned a level 2 spell: Ensorcelled Hibernation
   933 | D:1      | Reached XP level 3. HP: 17/17 MP: 8/8
   937 | D:1      | Learned a level 3 spell: Confusing Touch
   941 | D:1      | Learned a level 3 spell: Tukima's Dance
  1225 | D:1      | Engulfed by a cloud of flame

Illustrated notes

Levels and vault maps discovered:
D:1:      onia_arrival_pyramid, layout_loops_ring, lexackson_kobold_supper

Skill      XL: |  1  2  3 |
---------------+----------+-----
Stealth        | 5 |  5.3
Spellcasting   | 3 |  3.0
Dodging        | 3 |  3.0
Fighting       | |  0.5
Short Blades   | |  1.5
Hexes          | |  3.8

Action                     || total
---------------------------++-------
  Melee: Dagger            ||    84
         Punch             ||     1
   Cast: Ensorcelled Hiber ||     2
   Stab: Sleeping          ||     7
 Armour: Robe              ||     4
  Dodge: Dodged            ||    48
  Block: Other             ||     5
